 Dungeon Crawl Stone Soup version 0.28-a0-1212-gc6b4282bc0 (webtiles) character file.

Game seed: 3254257027802213406

478 ChaosChampion the Thaumaturge (level 6, -1/32 HPs)
             Began as a Deep Elf Conjurer on Dec 21, 2021.
             Slain by a killer bee (6 damage)
             ... on level 5 of the Dungeon.
             The game lasted 00:03:35 (4102 turns).

ChaosChampion the Thaumaturge (Deep Elf Conjurer)   Turns: 4102, Time: 00:03:36

Health: -1/32      AC:  8    Str: 13    XL:     6   Next: 86%
Magic:  4/28       EV: 12    Int: 25    God:
Gold:   181        SH:  5    Dex: 13    Spells: 10/21 levels left

rFire   . . .      SeeInvis .   (no weapon)
rCold   . . .      Faith    .   (no shield)
rNeg    . . .      Spirit   .   a - +0 robe
rPois   .          Reflect  +   (no helmet)
rElec   .          Harm     .   p - +2 cloak
rCorr   .          Rampage  .   k - +2 pair of gloves {Str+3}
Will    .....                   (no boots)
Stlth   ++........              n - amulet of reflection
HPRegen 0.10/turn               f - ring of magical power
MPRegen 0.21/turn               s - +6 ring of strength

@: lethally poisoned (-1 -> -2), very slightly contaminated
A: no striking features
a: no special abilities


You were on level 5 of the Dungeon.
You visited 1 branch of the dungeon, and saw 5 of its levels.

You collected 181 gold pieces.

Inventory:

Armour
 a - a +0 robe (worn)
 k - a +2 pair of gloves of strength (worn)
 p - a +2 cloak (worn)
Jewellery
 f - a ring of magical power (left hand)
 n - an amulet of reflection (around neck)
 s - a +6 ring of strength (right hand)
Scrolls
 b - 2 scrolls of teleportation
 c - 2 scrolls of enchant armour {unknown}
 g - 3 scrolls of fear
 j - 2 scrolls of identify
 o - 2 scrolls of immolation {unknown}
 r - a scroll of blinking {unknown}
Potions
 d - a potion of heal wounds {unknown}
 e - 4 potions of curing
 h - a potion of might {unknown}
 i - a potion of berserk rage
 l - a potion of lignification {unknown}
 m - a potion of haste {unknown}
 q - 2 potions of degeneration {unknown}


   Skills:
 - Level 2.4 Dodging
 - Level 2.4 Stealth
 * Level 8.3 Spellcasting
 + Level 6.3 Conjurations


You had 10 spell levels left.
You knew the following spells:

 Your Spells              Type           Power      Damage    Failure   Level
a - Magic Dart            Conj           100%       1d8       1%          1
b - Searing Ray           Conj           84%        2d7       1%          2
c - Fulminant Prism       Conj/Hex       13%        3d9       16%         4
d - Iskenderun's Mystic   Conj/Tloc      26%        2d7       16%         4

Your spell library contained the following spells:

 Spells                   Type           Power      Damage    Failure   Level
 Dazzling Flash           Conj/Hex       52%        N/A       4%          3
 Animate Dead             Necr           5%         N/A       50%         4
 Haunt                    Necr/Summ      5%         N/A       100%        7
 Infestation              Necr           5%         N/A       100%        8


Dungeon Overview and Level Annotations

Branches:
Dungeon (5/15)
 Temple: D:4-7

Altars:
Makhleb
Wu Jian
The Shining One


Message History

The searing ray hits the killer bee!
The killer bee is severely wounded. (Press . to maintain the ray.)
You feel sick. The killer bee completely misses you.
The searing ray misses the killer bee. x2; You feel sick.
The killer bee stings you but does no damage.
The killer bee stings you.
The searing ray misses the killer bee.
The searing ray hits the killer bee!
You kill the killer bee!
The searing ray hits the killer bee.
The killer bee is moderately wounded.
You feel sick. The killer bee stings you.
* * * LOW HITPOINT WARNING * * *
The killer bee misses you.
Your Spellcasting skill increases to level 8!
Casting: Searing Ray (safe; 1% risk of failure)
Confirm with . or Enter, or press ? or * to list all spells.
Restarting spell: Searing Ray (safe; 1% risk of failure)
Press: ? - help, Shift-Dir - straight line, f - killer bee
Aim: a killer bee (almost dead, 63% to hit)
The searing ray misses the killer bee.
The searing ray hits the killer bee.
The killer bee is heavily wounded.
The searing ray hits the water moccasin zombie!
The water moccasin zombie is moderately damaged. (Press . to maintain the ray.)
You feel sick.
The killer bee stings you but does no damage.
The killer bee closely misses you.
The searing ray hits the killer bee.
You kill the killer bee!
The searing ray hits the killer bee.
The killer bee is severely wounded.
The searing ray misses the water moccasin zombie.
You feel sick. The killer bee closely misses you.
Casting: Searing Ray (safe; 1% risk of failure)
Confirm with . or Enter, or press ? or * to list all spells.
The spell is extremely dangerous to miscast (16% risk of failure)!
Continue anyway?
You miscast Iskenderun's Mystic Blast.
Nothing appears to happen.
You feel sick. The killer bee stings you.
You die...

##########
#........####
#.#####.....#
#.#.........#
#.#.##......#
#.#..#......#
#@#<.#......#
#y#..#......#
#Z#..#......#
#...#..#......#
#...#..#......#
#....#..#.......
#....#..#
#....#### .#....


You could see a killer bee and a water moccasin zombie.

Vanquished Creatures
  4 killer bees (D:5)
  An orc priest (D:3)
  A gnoll shaman (D:4)
  Natasha (twice) (D:3)
  7 gnolls
  5 adders
  A shadow imp (D:5)
  A worm (D:2)
  5 orcs
  11 ball pythons
  3 endoplasms (D:2)
  6 giant cockroaches
  9 goblins
  3 hobgoblins
  4 jackals
  3 quokkas
  2 bats (D:1)
  A frilled lizard (D:1)
  6 kobolds
  4 rats
79 creatures vanquished.

Vanquished Creatures (others)
  15 plants
15 creatures vanquished.

Grand Total: 94 creatures vanquished

Notes
Turn   | Place    | Note
-------+----------+-------------------------------------------
     0 | D:1      | ChaosChampion the Deep Elf Conjurer began the quest for the
                  | Orb.
     0 | D:1      | Reached XP level 1. HP: 10/10 MP: 6/6
   214 | D:1      | Reached XP level 2. HP: 15/15 MP: 3/8
   431 | D:1      | Reached skill level 4 in Spellcasting
   778 | D:2      | Found a faded altar of an unknown god.
   961 | D:2      | Reached XP level 3. HP: 19/19 MP: 10/10
  1235 | D:2      | Learned a level 2 spell: Searing Ray
  1315 | D:2      | Reached skill level 5 in Spellcasting
  1315 | D:2      | Reached skill level 5 in Conjurations
  1413 | D:2      | Reached XP level 4. HP: 24/24 MP: 13/13
  1619 | D:2      | Found a burning altar of Makhleb.
  2294 | D:3      | Reached skill level 6 in Spellcasting
  2329 | D:3      | Noticed Natasha
  2333 | D:3      | Killed Natasha
  2334 | D:3      | Reached XP level 5. HP: 28/28 MP: 15/15
  2389 | D:3      | Found a glowing golden altar of the Shining One.
  3009 | D:3      | Noticed Natasha
  3013 | D:3      | Killed Natasha
  3014 | D:3      | Reached skill level 7 in Spellcasting
  3338 | D:4      | Found an ornate altar of the Wu Jian Council.
  3855 | D:4      | Reached XP level 6. HP: 32/32 MP: 15/18
  3860 | D:4      | Learned a level 4 spell: Fulminant Prism
  3865 | D:4      | Learned a level 4 spell: Iskenderun's Mystic Blast
  4053 | D:5      | Entered Level 5 of the Dungeon
  4100 | D:5      | Reached skill level 8 in Spellcasting
  4102 | D:5      | Slain by a killer bee

Illustrated notes

Levels and vault maps discovered:
D:1:      mrwooster_arrival_arrow, layout_rooms
D:2:      cheibrodos_old_hovel, layout_loops_corners, basic_altar,
          chequers_ecumenical_altar_simple, moated_statue
D:3:      layout_loops_ring, mainiacjoe_overflow_catwalk, serial_forest,
          infiniplex_forest_lined_ring, infiniplex_forest_lined_3_way,
          infiniplex_forest_straight_4, infiniplex_forest_zigzag_1,
          infiniplex_forest_clump_large, uniq_natasha
D:4:      layout_basic, overflow_temple_1_default, fountainhead
D:5:      nicolae_cairo_tiling, layout_basic, serial_corexii_hall,
          chequers_hall_statues_corner_a, chequers_hall_statues_wall_a,
          uniq_menkaure

Skill      XL: |  1  2  3  4  5  6 |
---------------+-------------------+-----
Spellcasting   | 4 5 6 7 8 |  8.3
Conjurations   | 5 6 |  6.3
Dodging        | |  2.4
Stealth        | |  2.4

Action                   |  1- 3 |  4- 6 || total
-------------------------+-------+-------++-------
 Cast: Magic Dart        |    63 |    56 ||   119
       Searing Ray       |     3 |    18 ||    21
  Use: Scroll            |       |     6 ||     6
Armor: Robe              |     1 |     5 ||     6
Dodge: Dodged            |     2 |    15 ||    17
Block: Other             |       |     2 ||     2

Table legend: (Time is in decaauts)
 A = Elapsed time spent in this place.
 B = Non-inter-level travel time spent in this place.
 C = Inter-level travel time spent in this place.
 D = Time resting spent in this place.
 E = Time spent auto-exploring this place.
 F = Levels seen in this place.
 G = Mean time per level.
                   A        B        C        D        E       F      G
               +--------+--------+--------+--------+--------+-----+--------+
         Total |   4101 |   3924 |    177 |      0 |   3545 |   5 |  820.2 |
       Dungeon |   4101 |   3924 |    177 |      0 |   3545 |   5 |  820.2 |
               +--------+--------+--------+--------+--------+-----+--------+

Top non-repeatable levels by time:
     D:2: 1325 daAuts
     D:3: 1143 daAuts
     D:4: 884 daAuts
     D:1: 699 daAuts
     D:5: 48 daAuts
